 Dungeon Crawl Stone Soup version 0.18-a0-1721-gc4d1f22 (webtiles) character file.

39 Galixin the Conjurer (level 3, -6/24 HPs)
             Began as a Human Conjurer on Apr 9, 2016.
             Mangled by an orc
             ... wielding a +0 flail
              (9 damage)
             ... on level 3 of the Dungeon.
             The game lasted 00:08:32 (1273 turns).

Galixin the Conjurer (Human Conjurer)               Turns: 1273, Time: 00:08:33

Health: -6/24      AC:  3    Str:  8    XL:     3   Next: 70%
Magic:  6/6        EV: 12    Int: 16    God:
Gold:   34         SH:  0    Dex: 13    Spells: 1 memorised, 6 levels left

rFire  . . .     SeeInvis .     (no weapon)
rCold  . . .     Gourm    .     a - +1 robe
rNeg   . . .     Faith    .     (no shield)
rPois  .         Spirit   .     (no helmet)
rElec  .         Dismiss  .     (no cloak)
rCorr  .         Reflect  .     (no gloves)
SustAt .         Harm     .     (no boots)
MR     .....                    (no amulet)
Stlth  ++........               (no ring)
                                (no ring)

@: very slightly contaminated, not resistant to hostile enchantments, unstealthy
A: no striking features
a: no special abilities


You were on level 3 of the Dungeon.
You were not hungry.

You visited 1 branch of the dungeon, and saw 3 of its levels.

You collected 34 gold pieces.

Inventory:

Missiles
 d - 18 bolts of flame
Armour
 a - a +1 robe (worn)
Jewellery
 f - a cursed ring of teleportation
 h - an uncursed amulet of regeneration
Scrolls
 o - 4 scrolls of teleportation {unknown}
Potions
 e - a potion of berserk rage {unknown}
 i - a potion of cure mutation {unknown}
 l - a potion of haste
 m - a potion of degeneration {unknown}
 n - a potion of lignification {unknown}
Books
 b - a book of Conjurations

   Spells                             Type                      Level
   a - Magic Dart                     Conjuration                  1
   b - Searing Ray                    Conjuration                  2
   c - Dazzling Spray                 Conjuration/Hexes            3
   d - Fulminant Prism                Conjuration/Hexes            4
   e - Iskenderun's Mystic Blast      Conjuration                  4
   f - Iskenderun's Battlesphere      Conjuration/Charms           5
Comestibles
 c - 2 bread rations
 j - a beef jerky
 p - a meat ration


   Skills:
 + Level 2.2 Dodging
 + Level 2.2 Stealth
 * Level 2.5 Spellcasting
 + Level 4.5 Conjurations


You had 6 spell levels left.
You knew the following spells:

 Your Spells              Type           Power        Failure   Level  Hunger
a - Magic Dart            Conj           ###.         3%          1    #......


Dungeon Overview and Level Annotations

Branches:
Dungeon (3/15)

Altars:

Annotations:
D:2 Sigmund


Message History

There is a stone staircase leading up here.
n - a silvery potion You feel yourself slow down.
There is a stone staircase leading up here. 3 orcs come into view.
The orc shouts!
An orc comes into view. It is wielding a whip of flaming.
The orc shouts!
Read which item? (? for menu, Esc to quit)
As you read the scroll labeled IBREJO ZIUSECK, it crumbles to dust.
The scroll dissolves into smoke.
It was a scroll of fog.
The gnoll hits you from afar with a spear.
* * * LOW HITPOINT WARNING * * *
Read which item? (? for menu, Esc to quit)
As you read the scroll labeled FIZUTA PYEN, it crumbles to dust.
It is a scroll of enchant armour.
Enchant which item? (? for menu, Esc to quit)
Your +0 robe glows green for a moment.
The gnoll completely misses you. The orc hits you with a flail!
You die...

####.###...# ###
..##....!... ..#
#..#.##.....## #.#
#.#.....>....###.#
<....g........##@#
...#.g.......###o##
..##g.#.......§§g§§
#.#...##...#.###o##
#..#..##.....# #§#
#..>.<.....#####§#
#..#...........§§#
...##.########........#
####..# #o########


You could see a gnoll and 2 orcs.

Vanquished Creatures
  An adder (D:2)
  A giant gecko (D:2)
  2 bats
  2 giant cockroaches
  2 hobgoblins (D:1)
  A quokka (D:2)
  A giant newt (D:1)
  7 goblins
  5 kobolds
  9 rats
31 creatures vanquished.

Notes
Turn   | Place    | Note
--------------------------------------------------------------
     0 | D:1      | Galixin the Human Conjurer began the quest for the Orb.
     0 | D:1      | Reached XP level 1. HP: 13/13 MP: 3/3
     2 | D:1      | Noticed a minotaur
     2 | D:1      | Noticed an ogre
     4 | D:1      | Noticed an octopode
     4 | D:1      | Noticed a vine stalker
     6 | D:1      | Noticed an elf
     6 | D:1      | Noticed a vampire
     8 | D:1      | Noticed a demonspawn
     8 | D:1      | Noticed a spriggan
    10 | D:1      | Noticed a naga
    10 | D:1      | Noticed a halfling
    12 | D:1      | Noticed a felid
    12 | D:1      | Noticed a draconian
    14 | D:1      | Noticed a tengu
    14 | D:1      | Noticed a ghoul
    16 | D:1      | Noticed a formicid
    16 | D:1      | Noticed a gargoyle
    18 | D:1      | Noticed a demigod
    18 | D:1      | Noticed a troll
    20 | D:1      | Noticed a dwarf
    20 | D:1      | Noticed a human
    22 | D:1      | Noticed a centaur
    26 | D:1      | Noticed a merfolk
   289 | D:1      | Reached XP level 2. HP: 19/19 MP: 1/5
   929 | D:2      | Reached XP level 3. HP: 24/24 MP: 2/6
  1043 | D:2      | Noticed Sigmund
  1273 | D:3      | Mangled by an orc

Vault maps used:
D:1:      kb_arrival_jail, serial_bayou_lagoon_b
D:2:      first_bread, uniq_sigmund
D:3:      nicolae_ru_sacrificial_ziggurat

Action                   || total
-------------------------++-------
Melee: Unarmed           ||     8
 Cast: Magic Dart        ||    60
  Use: Scroll            ||     4
       Potion            ||     1
  Eat: Bread ration      ||     1
